 Dungeon Crawl Stone Soup version 0.26.1-11-gd32895ea62 (webtiles) character file.

Game seed: 15896480157420803251

963 buriedalive the Frost Mage (level 7, 0/36 HPs)
             Began as a Deep Elf Ice Elementalist on May 30, 2021.
             Was an Initiate of Ashenzari.
             Slain by Joseph
             ... wielding a +0 vorpal quarterstaff
              (8 damage)
             ... on level 7 of the Dungeon on June 1, 2021.
             The game lasted 00:15:49 (8619 turns).

buriedalive the Frost Mage (DEIE)                   Turns: 8619, Time: 00:15:50

Health: 0/36       AC: 13    Str:  5    XL:     7   Next: 92%
Magic:  8/14       EV: 17    Int: 22    God:    Ashenzari [......]
Gold:   298        SH:  0    Dex: 15    Spells: 5/13 levels left

rFire    + . .     SeeInvis .   i - +0 dagger (speed)
rCold    . . .     Faith    .   (no shield)
rNeg     . . .     Spirit   .   a - +1 robe
rPois    .         Reflect  .   (no helmet)
rElec    .         Harm     .   (no cloak)
rCorr    .         Rampage  .   j - +1 pair of gloves
Will     .....     Clarity  +   (no boots)
Stlth    ++........             (no amulet)
HPRegen  0.12/turn              p - ring of wizardry
MPRegen  0.14/turn              (no ring)

@: icy armour, frozen ramparts
A: clarity, fire resistance 1, MP-powered wands
a: Renounce Religion, Curse Item


You were on level 7 of the Dungeon.
You worshipped Ashenzari.
Ashenzari was noncommittal.
You visited 2 branches of the dungeon, and saw 8 of its levels.

You collected 298 gold pieces.

Inventory:

Hand Weapons
 b - a +0 whip
 i - a +0 dagger of speed (weapon)
Missiles
 c - 159 stones
 t - 3 atropa-tipped darts
 u - 33 poisoned darts
Armour
 a - a +1 robe (worn)
 j - a +1 pair of gloves (worn)
Jewellery
 f - an uncursed ring of willpower
 h - an uncursed ring of willpower
 p - a ring of wizardry (left hand)
Wands
 o - a wand of random effects (4)
 q - a wand of digging (5)
Scrolls
 e - 2 scrolls of identify
 g - a scroll of fear
 k - 4 scrolls of remove curse
 l - 2 scrolls of magic mapping
 r - a scroll of amnesia
 w - 2 scrolls of noise {unknown}
Potions
 d - 2 potions of attraction
 m - a potion of flight
 n - 2 potions of curing
 s - a potion of haste {unknown}
 v - 2 potions of cancellation {unknown}
 x - a potion of ambrosia


   Skills:
 + Level 8.0 Dodging
 - Level 2.4 Stealth
 + Level 3.6 Spellcasting
 + Level 8.2 Ice Magic


You had 5 spell levels left.
You knew the following spells:

 Your Spells              Type           Power        Failure   Level
a - Freeze                Ice            100%         1%          1
b - Frozen Ramparts       Ice            80%          1%          3
c - Ozocubu's Armour      Ice            40%          1%          3
d - Animate Skeleton      Necr           8%           4%          1

Your spell library contained the following spells:

 Spells                   Type           Power        Failure   Level
 Apportation              Tloc           8%           4%          1
 Corona                   Hex            4%           4%          1
 Summon Small Mammal      Summ           16%          4%          1
 Hailstorm                Conj/Ice       22%          9%          4
 Summon Ice Beast         Ice/Summ       22%          9%          4


Dungeon Overview and Level Annotations

Branches:
Dungeon (7/15)             Temple (1/1) D:5

Altars:
Ashenzari
Cheibriados
Dithmenos
Nemelex Xobeh
Okawaru
Trog
Uskayaw
The Shining One

Shops:
D:5 !*(   D:7 =

Annotations:
D:4 Grinder
D:7 Joseph


Innate Abilities, Weirdness & Mutations

You possess an exceptional clarity of mind.
Your flesh is heat resistant. (rF+)
You expend magic power (3 MP) to strengthen your wands.


Message History

Joseph is nearby!
Joseph zaps a wand.
You are blasted!
Casting: Animate Skeleton (safe; 4% risk of failure)
Confirm with . or Enter, or press ? or * to list all spells.
A film of ice covers your body!
Joseph hits you with a +0 vorpal quarterstaff!
Unknown command.
Unknown command.
Casting: Ozocubu's Armour (safe; 1% risk of failure)
Confirm with . or Enter, or press ? or * to list all spells.
Casting: Frozen Ramparts (safe; 1% risk of failure)
Press: ? - help, Dir - look around, f - activate The walls around you are covered in ice.
Joseph completely resists.
The wall freezes Joseph but does no damage.
Joseph hits you with a +0 vorpal quarterstaff.
* * * LOW HITPOINT WARNING * * *
x2 You feel better.
Joseph resists.
The wall freezes Joseph.
Joseph hits you with a +0 vorpal quarterstaff!
You die...

,,,,,,,,,,,,,#.......#*********
*#.***,...,,,#.......# ,#.#
*,...,,,#[......# ,#.#
**#.#****.....!.* ,#.# #.#
*,.....,* ,#.# #.# *,,...,,* ,#.#
#.## ***#'#***
##.#####..#######@# ***
......))........@.# **8**
##.#.#'#)....###..# **,,,**
.#.#.+∩+.....# #..# *8,,,8*
.#.#.#+#.....#*#..#***,,,,,******
##.#.........#,....,,,,,_,,8*,,,,
...#........[#.#..##**,,,,,******
#####........#.#..# *8,,,8*
,,,....####..#,#..#****,,,**
,,,....* ##.#,#...,,,**8********


You could see Joseph.

Vanquished Creatures
  A necrophage (D:6)
  A centaur (D:6)
  3 bullfrogs (D:6)
  A crimson imp (D:6)
  A bullfrog zombie (D:6)
  2 hounds
  2 orc priests
  2 orc wizards
  A bullfrog skeleton (D:2)
  Ijyb (D:4)
  4 worker ants
  A worker ant zombie (D:5)
  8 adders
  A shadow imp (D:5)
  A white imp (D:6)
  2 ufetubi
  2 oozes
  2 adder zombies (D:5)
  A worm (D:3)
  A dart slug (D:1)
  13 orcs
  4 bats
  3 giant cockroaches
  4 goblins
  6 hobgoblins
  7 jackals
  4 quokkas
  A ball python (D:2)
  4 frilled lizards
  A goblin skeleton (D:6)
  5 kobolds
  2 kobold skeletons (D:6)
  2 kobold zombies (D:6)
  2 orc skeletons (D:6)
  An orc zombie (D:6)
  6 rats
103 creatures vanquished.

Vanquished Creatures (others)
  3 plants (D:5)
3 creatures vanquished.

Grand Total: 106 creatures vanquished

Notes
Turn   | Place    | Note
-------+----------+-------------------------------------------
     0 | D:1      | buriedalive the Deep Elf Ice Elementalist began the quest
                  | for the Orb.
     0 | D:1      | Reached XP level 1. HP: 10/10 MP: 6/6
   621 | D:1      | Reached XP level 2. HP: 15/15 MP: 6/8
  1528 | D:3      | Reached skill level 5 in Ice Magic
  1528 | D:3      | Reached XP level 3. HP: 19/19 MP: 7/9
  1532 | D:3      | Learned a level 3 spell: Frozen Ramparts
  1536 | D:3      | Learned a level 3 spell: Ozocubu's Armour
  1787 | D:3      | Reached XP level 4. HP: 15/24 MP: 6/10
  2967 | D:2      | Reached XP level 5. HP: 12/28 MP: 8/11
  3211 | D:2      | Reached skill level 5 in Dodging
  3331 | D:2      | Found a hide-covered altar of Uskayaw.
  3916 | D:4      | Noticed Grinder
  3974 | D:4      | Noticed Ijyb
  3987 | D:4      | Killed Ijyb
  4198 | D:4      | Found a bloodstained altar of Trog.
  4354 | D:5      | Entered Level 5 of the Dungeon
  4364 | D:5      | Found Zoceanki's Distillery.
  4620 | D:5      | Found Itrupp's General Store.
  4794 | D:5      | Found Axkino's Antique Weapon Shoppe.
  4865 | D:5      | Found a staircase to the Ecumenical Temple.
  4873 | Temple   | Entered the Ecumenical Temple
  4931 | Temple   | Became a worshipper of Ashenzari the Shackled
  4975 | D:5      | Noticed an ice beast
  5068 | D:5      | Reached XP level 6. HP: 29/32 MP: 1/12
  5598 | D:4      | Gained mutation: Your flesh is heat resistant. (rF+)
                  | [potion of mutation]
  5598 | D:4      | Gained mutation: You expend magic power (3 MP) to
                  | strengthen your wands. [potion of mutation]
  5598 | D:4      | Gained mutation: You possess an exceptional clarity of
                  | mind. [potion of mutation]
  6049 | D:5      | Learned a level 1 spell: Animate Skeleton
  6813 | D:6      | Found a glowing golden altar of the Shining One.
  6819 | D:6      | Reached XP level 7. HP: 35/36 MP: 6/13
  7018 | D:6      | Found a bloodstained altar of Trog.
  7206 | D:6      | Found a snail-covered altar of Cheibriados.
  8515 | D:7      | Found Morus's Jewellery Emporium.
  8610 | D:7      | Noticed Joseph
  8619 | D:7      | Slain by Joseph

Illustrated notes

Levels and vault maps discovered:
D:1:      sevenhm_arrival_forest_fort_small_5, layout_basic
D:2:      layout_basic, nicolae_overflow_crystal_walls
D:3:      layout_basic, serial_corexii_hall, chequers_hall_statues_corner_a,
          corexii_hall_statues_u, chequers_hall_statues_corner_a,
          corexii_hall_statues_t, kennysheep_generic_room_12
D:4:      layout_basic, general_overflow_altar, uniq_grinder, uniq_ijyb
D:5:      layout_basic, minmay_temple_entry_overgrown, serial_shops, shop, shop,
          shop, grunt_ministairs_14, serial_bayou_pond_e,
          chequers_serial_rivers_small_a, minmay_misc_feat_room,
          grunt_decor_one_mirror
D:6:      layout_basic, old_standard_altar, nicolae_tso_besieged_by_evil,
          trog_three_pillars_becter
D:7:      layout_basic, overflow_temple_1_default, nzn_wu_jian_council_hall,
          serial_shops, nicolae_shop_behind_doors, enter_ossuary_2,
          chequers_serial_rivers_small_a, uniq_joseph, uniq_maggie
Temple:   nicolae_temple_figure_zero

Skill      XL: |  1  2  3  4  5  6  7 |
---------------+----------------------+-----
Dodging        | 3 4 5 6 8 |  8.0
Ice Magic      | 5 6 7 8 |  8.2
Stealth        | |  2.4
Spellcasting   | |  3.6

Action                   |  1- 3 |  4- 6 |  7- 9 || total
-------------------------+-------+-------+-------++-------
Melee: Unarmed           |    24 |       |       ||    24
       Whip              |     2 |     2 |       ||     4
       Dagger            |       |   203 |    65 ||   268
 Cast: Freeze            |    27 |    55 |    15 ||    97
       Frozen Ramparts   |     1 |    17 |     6 ||    24
       Ozocubu's Armour  |       |    17 |     6 ||    23
       Animate Skeleton  |       |     1 |     3 ||     4
Evoke: Wand              |       |       |     6 ||     6
  Use: Scroll            |     4 |    12 |     3 ||    19
       Potion            |     2 |     3 |     1 ||     6
 Stab: Sleeping          |     2 |     6 |     1 ||     9
Armor: Robe              |     8 |    60 |    14 ||    82
Dodge: Dodged            |    49 |   152 |    53 ||   254
